 Dungeon Crawl Stone Soup version 0.27-a0-1384-g1422d76b99 (webtiles) character file.

Game seed: 12115152733803740140

12974 Brandom the Grappler (level 11, -10/115 HPs)
             Began as a Troll Delver on June 29, 2021.
             Was an Initiate of Gozag.
             Mangled by a death scarab (26 damage)
             ... in a Gauntlet on June 30, 2021.
             The game lasted 00:46:07 (9723 turns).

Brandom the Grappler (Troll Delver)                 Turns: 9723, Time: 00:46:08

Health: -10/115    AC: 12    Str: 22    XL:     11   Next: 69%
Magic:  10/10      EV: 11    Int:  6    God:    Gozag
Gold:   1858       SH: 11    Dex: 14    Spells: 10/10 levels left

rFire    + . .     SeeInvis .     - Unarmed
rCold    + . .     Faith    .   r - +1 kite shield
rNeg     . . .     Spirit   .   S - +0 steam dragon scales
rPois    +         Reflect  .   n - +1 hat
rElec    .         Harm     .   V - scarf {rC+ rF+}
rCorr    .         Rampage  .   (gloves unavailable)
Will     .....     NoTele   +   (boots unavailable)
Stlth    ++........             (no amulet)
HPRegen  1.29/turn              k - ring of poison resistance
MPRegen  0.12/turn              W - +4 ring of protection

@: gold aura, slowed, very slow
A: large, unfitting armour, claws 3, regeneration 1, shaggy fur 1, tough skin 1
a: Renounce Religion, Potion Petition, Call Merchant, Bribe Branch


You were in a Gauntlet.
You worshipped Gozag.
Gozag was most pleased with you.
You visited 1 branch of the dungeon, and saw 11 of its levels.
You also visited: Bailey and Gauntlet.

You collected 2504 gold pieces.
You spent 294 gold pieces at shops.
You paid 352 gold pieces to Gozag.

Inventory:

Hand Weapons
 E - a +0 giant spiked club of flaming
   (You took it off an ogre on level 5 of the Dungeon)
Missiles
 m - 5 boomerangs of dispersal {!f}
 G - 8 large rocks
 H - 3 silver javelins
 J - 24 boomerangs (quivered)
 P - a throwing net {!f}
 U - a curare-tipped dart {!f}
Armour
 n - a +1 hat (worn)
   (You found it on level 1 of the Dungeon)
 r - a +1 kite shield (worn)
   (You found it on level 3 of the Dungeon)
 S - +0 steam dragon scales (worn)
   (You took it off Maggie on level 10 of the Dungeon)
 V - a scarf of resistance (worn)
   (You found it on level 11 of the Dungeon)
Jewellery
 a - a +6 ring of intelligence
   (You found it in a Gauntlet)
 k - a ring of poison resistance (left claw)
   (You found it on level 1 of the Dungeon)
 p - a ring of ice
   (You found it on level 2 of the Dungeon)
 O - a ring of resist corrosion
   (You bought it in a shop on level 7 of the Dungeon)
 W - a +4 ring of protection (right claw)
   (You found it on level 11 of the Dungeon)
Wands
 t - a wand of flame (23)
   (You took it off Jessica on level 2 of the Dungeon)
 v - a wand of digging (2)
 K - a wand of charming (8)
   (You found it on level 7 of the Dungeon)
 R - a wand of polymorph (3)
   (You found it on level 10 of the Dungeon)
Scrolls
 b - a scroll of fog
 c - a scroll of holy word {unknown}
 d - a scroll of fear
 g - 4 scrolls of teleportation {@r4}
 o - 2 scrolls of enchant armour
 q - a scroll of brand weapon
 s - a scroll of vulnerability {unknown}
 y - 2 scrolls of immolation {!r}
 B - a scroll of acquirement {unknown}
 I - a scroll of blinking {unknown}
 Q - a scroll of noise {unknown}
 T - a scroll of silence {unknown}
 X - a scroll of identify {@r1}
Potions
 e - 2 potions of haste {@q3}
 f - a potion of flight
 h - 4 potions of brilliance
 i - 9 potions of curing {@q1}
 j - a potion of heal wounds {@q2}
 l - 2 potions of berserk rage
 u - 3 potions of lignification {unknown}
 x - 3 potions of attraction {unknown}
 A - 3 potions of might {unknown}
 C - 3 potions of invisibility
 F - 2 potions of resistance
 M - a potion of degeneration {unknown}
 N - a potion of cancellation {unknown}


   Skills:
 * Level 9.3 Fighting
 + Level 5.0 Throwing
 + Level 6.5 Dodging
 - Level 2.7 Stealth
 + Level 5.7 Shields
 * Level 10.7 Unarmed Combat


You had 10 spell levels left.
You didn't know any spells.
Your spell library contained the following spells:

 Spells                   Type           Power      Damage    Failure   Level
 Animate Skeleton         Necr           0%         N/A       69%         1
 Corona                   Hex            0%         N/A       69%         1
 Freeze                   Ice            0%         1d3       69%         1
 Pain                     Necr           0%         1d4       69%         1
 Sting                    Tmut/Pois      0%         1d3       69%         1
 Ensorcelled Hibernation  Hex/Ice        0%         N/A       83%         2
 Poisonous Vapours        Pois/Air       0%         N/A       83%         2
 Confusing Touch          Hex            0%         N/A       96%         3
 Dazzling Flash           Conj/Hex       0%         N/A       96%         3
 Frozen Ramparts          Ice            0%         1d2       96%         3
 Gell's Gravitas          Tloc           0%         N/A       96%         3
 Ignite Poison            Fire/Tmut/Pois 0%         N/A       96%         3
 Mephitic Cloud           Conj/Pois/Air  0%         N/A       96%         3
 Ozocubu's Armour         Ice            0%         N/A       96%         3
 Tukima's Dance           Hex            0%         N/A       96%         3
 Vampiric Draining        Necr           0%         2d6       96%         3
 Animate Dead             Necr           0%         N/A       100%        4
 Hailstorm                Conj/Ice       0%         3d3       100%        4
 Olgreb's Toxic Radiance  Pois           0%         N/A       100%        4
 Petrify                  Tmut/Erth      0%         N/A       100%        4
 Agony                    Necr           0%         N/A       100%        5
 Metabolic Englaciation   Hex/Ice        0%         N/A       100%        5
 Yara's Violent Unravell  Hex/Tmut       0%         3d3       100%        5


Dungeon Overview and Level Annotations

Branches:
Dungeon (11/15)            Temple (0/1) D:4            Lair (0/6) D:10
    Orc (0/2) D:9          Bailey (visited)         Gauntlet (1/1)

Altars:
Dithmenos
Gozag
Beogh

Shops:
D:7 *   D:10 (

Annotations:
Gauntlet 13 transporters


Innate Abilities, Weirdness & Mutations

You are too large for most types of armour.
You have claws for hands.
Your natural rate of healing is unusually fast.
You are covered in fur. (AC +1)
You have tough skin. (AC +1)


Message History

Unknown command.
You feel much better. You block the death scarab's attack. x2
The death scarab closely misses you. The death scarab bites you!!
* * * LOW HITPOINT WARNING * * *
The death scarab drains your vigour!
You feel as though you will be slow longer.
The death scarab draws strength from your injuries!
The spectral black mamba closely misses you.
The spectral black mamba bites you.
* * * LOW HITPOINT WARNING * * *
The death scarab bites you but does no damage.
The death scarab bites you but does no damage. [a] - 598 gold - resistance, heal wounds and magic [b] - 352 gold - heal wounds, curing and magic [c] - 540 gold - brilliance, magic, heal wounds and curing Purchase which effect?
You feel much better.
You feel better. Magic courses through your body. The death scarab bites you!!
* * * LOW HITPOINT WARNING * * *
The death scarab drains your vigour!
You feel as though you will be slow longer.
The death scarab draws strength from your injuries!
The spectral black mamba closely misses you.
The spectral black mamba completely misses you.
You are too injured to fight recklessly!
You are too injured to fight recklessly!
You barely miss the spectral black mamba.
You block the spectral black mamba's attack.
The spectral black mamba closely misses you.
You mangle the spectral black mamba!! The spectral black mamba bites you.
* * * LOW HITPOINT WARNING * * *
You feel drained.
* * * LOW HITPOINT WARNING * * *
You block the spectral black mamba's attack.
The death scarab waves its antennae.
The spectral black mamba bites you but does no damage.
Unknown command.
You mangle the spectral black mamba!!
You destroy the spectral black mamba!
You block the death scarab's attack. x2; The death scarab bites you!!
* * * LOW HITPOINT WARNING * * *
The death scarab drains your vigour!
You feel as though you will be slow longer.
The death scarab draws strength from your injuries!
Your life force feels restored.
You claw the death scarab!
The death scarab is distracted by your dazzling golden aura.
The death scarab bites you!!
You die...
Your body crumbles into a pile of gold.

....§≈.....#©...........©#......#
####...#######################..#
[.z#§..#..)[©.?..#§#..=[©.?..#..#
z#.#...#.........#≈#.##...##.#..#
##.#...#.#######.#≈#.#.###.#.#..#
#..#...#.#.#.#.#.#≈#..##.##..#..#
..z#...#....©..B.#8#....©....#..#
#..#...##.#.#.#B##≈#k.##.##..#..#
##.#...#.#######@#§#Z#.###.#.#..#
z#.#...#.........#≈#.##...##.#..#
zzz#...#.........#≈#.........#..#
####...#######################..#
...§§≈.§...#©...........©#......#
....≈8≈....#######.#######.....≈#
.....≈...........#.#........#####
####...###########.#........#8#
...#...#..#......#.#..#########


You could see a death drake, a spectral centaur warrior and 2 death scarabs.

Vanquished Creatures
  A two-headed ogre (D:10)
  A death yak (D:10)
  A death scarab (Gauntlet)
  A cyclops (D:7)
  A manticore (D:10)
  Joseph (D:7)
  An elephant (D:10)
  Maggie (D:10)
  A komodo dragon (D:11)
  2 freezing wraiths (D:11)
  An ice devil (D:11)
  A hornet (D:9)
  A troll (D:10)
  Grinder (D:4)
  2 spectral black mambas (Gauntlet)
  6 yaks
  2 wyverns
  Eustachio (D:5)
  A wraith (D:10)
  Duvessa (D:5)
  10 orc warriors
  2 water moccasins (D:6)
  3 ogres
  2 ice beasts
  3 sky beasts
  4 black bears
  A necrophage (D:4)
  7 centaurs
  2 kobold brigands
  6 bullfrogs
  3 scorpions
  Blork the orc (D:5)
  Dowan (D:5)
  2 wyvern zombies
  4 killer bees (D:7)
  6 wights
  6 howler monkeys
  3 centaur zombies
  7 orc priests
  2 jellies
  Crazy Yiuf (D:7)
  Jessica (D:2)
  7 iguanas
  Ijyb (D:4)
  11 orc wizards
  A killer bee zombie (D:9)
  A hound zombie (D:5)
  A hound skeleton (D:5)
  2 howler monkey zombies
  Robin (D:2)
  2 gnolls (Bailey)
  7 adders
  3 white imps
  2 ufetubi
  An adder zombie (D:3)
  A worm (D:3)
  3 dart slugs
  36 orcs
  6 ball pythons
  6 bats
  10 endoplasms
  2 giant cockroaches
  20 goblins
  12 hobgoblins
  12 jackals
  27 kobolds
  2 quokkas (D:1)
  2 frilled lizards
  5 rats
289 creatures vanquished.

Vanquished Creatures (others)
  An orc wizard (D:8)
1 creature vanquished.

Grand Total: 290 creatures vanquished

Notes
Turn   | Place    | Note
-------+----------+-------------------------------------------
     0 | D:5      | Brandom the Troll Delver began the quest for the Orb.
     0 | D:5      | Reached XP level 1. HP: 22/22 MP: 0/0
    23 | D:5      | Reached XP level 2. HP: 25/29 MP: 1/1
    66 | D:5      | Noticed Dowan
    66 | D:5      | Noticed Duvessa
    82 | D:4      | Noticed a black bear
   329 | D:2      | Noticed Robin
   351 | D:2      | Reached XP level 3. HP: 33/36 MP: 2/2
   364 | D:2      | Killed Robin
   382 | D:2      | Reached skill level 3 in Unarmed Combat
   553 | D:1      | Upgraded the game from 0.27-a0-1378-gdefffd1ff6 to
                  | 0.27-a0-1384-g1422d76b99
   627 | D:1      | Reached XP level 4. HP: 33/45 MP: 3/3
  1059 | D:2      | Noticed Jessica
  1068 | D:2      | Killed Jessica
  1440 | D:3      | Reached XP level 5. HP: 53/53 MP: 4/4
  1689 | D:3      | Found a faded altar of an unknown god.
  1697 | D:3      | Became a worshipper of Gozag Ym Sagoz the Greedy
  1789 | D:3      | Found a shadowy altar of Dithmenos.
  2069 | D:4      | Noticed Ijyb
  2087 | D:4      | Killed Ijyb
  2088 | D:4      | Reached skill level 4 in Unarmed Combat
  2152 | D:4      | Killed a black bear
  2153 | D:4      | Reached XP level 6. HP: 48/62 MP: 5/5
  2474 | D:4      | Reached skill level 1 in Shields
  2503 | D:4      | Reached skill level 5 in Unarmed Combat
  2503 | D:4      | Reached XP level 7. HP: 57/71 MP: 6/6
  2672 | D:4      | Noticed Grinder
  2688 | D:4      | Paralysed by Grinder for 7 turns
  2704 | D:4      | Killed Grinder
  2777 | D:4      | Found a staircase to the Ecumenical Temple.
  3032 | D:5      | Killed Duvessa
  3033 | D:5      | Reached skill level 5 in Fighting
  3038 | D:5      | Killed Dowan
  3056 | D:5      | Reached XP level 8. HP: 60/80 MP: 7/7
  3109 | D:5      | Reached skill level 6 in Unarmed Combat
  3131 | D:5      | Noticed Blork the orc
  3141 | D:5      | Killed Blork the orc
  3171 | D:5      | Noticed Eustachio
  3190 | D:5      | Killed Eustachio
  3800 | D:6      | Reached skill level 7 in Unarmed Combat
  3933 | D:6      | Reached XP level 9. HP: 25/89 MP: 8/8
  4290 | D:7      | Found a flagged portal.
  4295 | D:7      | Noticed Joseph
  4314 | D:7      | Killed Joseph
  4315 | D:7      | Reached skill level 1 in Throwing
  4377 | Bailey   | Entered a bailey
  4418 | Bailey   | Reached skill level 8 in Unarmed Combat
  4874 | D:7      | Noticed a cyclops
  4877 | D:7      | Found Potsocoh's Assorted Antiques.
  4886 | D:7      | Killed a cyclops
  4959 | D:7      | Reached skill level 5 in Dodging
  5149 | D:7      | Reached XP level 10. HP: 99/102 MP: 9/9
  5358 | D:7      | Found a runed translucent door.
  5359 | D:7      | Noticed Crazy Yiuf
  5363 | D:7      | Killed Crazy Yiuf
  5762 | D:7      | Bought a scroll of identify for 60 gold pieces
  5763 | D:7      | Bought a runed pearl ring for 150 gold pieces
  5763 | D:7      | Bought a scroll labelled NEAWKO KIWOFFU for 30 gold pieces
  5763 | D:7      | Bought a lumpy blue potion for 27 gold pieces
  5763 | D:7      | Bought a bubbling sapphire potion for 27 gold pieces
  6176 | D:8      | Reached skill level 9 in Unarmed Combat
  7012 | D:9      | Found a staircase to the Orcish Mines.
  7040 | D:9      | Identified the +11 falchion "Vinnedodd" {vorpal, rPois
                  | Will- rCorr}
  8003 | D:10     | Entered Level 10 of the Dungeon
  8096 | D:10     | Reached skill level 5 in Shields
  8101 | D:10     | Noticed Maggie
  8139 | D:10     | Killed Maggie
  8154 | D:10     | Reached XP level 11. HP: 107/113 MP: 10/10
  8248 | D:10     | Noticed a death yak
  8270 | D:10     | Killed a death yak
  8271 | D:10     | Reached skill level 10 in Unarmed Combat
  8350 | D:10     | Noticed a two-headed ogre
  8362 | D:10     | Killed a two-headed ogre
  8454 | D:10     | Found a staircase to the Lair.
  8525 | D:10     | Found Zybborche's Antique Weapon Shop.
  9162 | D:11     | Found the +8 frozen axe "Frostbite" {freezing cloud, *Noise
                  | Fly rC+}
  9225 | D:11     | Found a gate leading to a gauntlet.
  9240 | Gauntlet | Entered a Gauntlet
  9240 | Gauntlet | Found a transporter.
  9240 | Gauntlet | Found a transporter.
  9244 | Gauntlet | Found a transporter.
  9244 | Gauntlet | Found a transporter.
  9251 | Gauntlet | Noticed a death scarab
  9251 | Gauntlet | Noticed a death scarab
  9253 | Gauntlet | Noticed a death scarab
  9256 | Gauntlet | Found a transporter.
  9267 | Gauntlet | Found a transporter.
  9268 | Gauntlet | Found a transporter.
  9293 | Gauntlet | Found a transporter.
  9330 | Gauntlet | Found a transporter.
  9352 | Gauntlet | Found a transporter.
  9401 | Gauntlet | Found a transporter.
  9407 | Gauntlet | Noticed a death drake
  9422 | Gauntlet | Found a transporter.
  9438 | Gauntlet | Found a transporter.
  9551 | Gauntlet | Found a transporter.
  9572 | Gauntlet | Found a transporter.
  9573 | Gauntlet | Noticed a hell hog
  9587 | Gauntlet | Found a transporter.
  9673 | Gauntlet | Killed a death scarab
  9674 | Gauntlet | Reached skill level 5 in Throwing
  9723 | Gauntlet | Mangled by a death scarab

Illustrated notes

Levels and vault maps discovered:
D:1:      dpeg_arrival_leaves_temple_mockup, layout_basic
D:2:      layout_rooms, uniq_jessica, uniq_robin
D:3:      layout_loops_ring, marbit_many_paths, basic_ecumenical_altar
D:4:      layout_gridville, minmay_temple_entry_waves, chequers_hall_statues_y,
          uniq_ijyb, uniq_grinder
D:5:      layout_cave_pools, sigmund_army, uniq_blork_the_orc, uniq_duvessa,
          uniq_eustachio
D:6:      layout_rooms
D:7:      layout_loops_ring, enter_bailey_1, serial_shops,
          nicolae_shop_waterfront, hex_large, minmay_misc_feat_diagonals,
          st_stairs_8, uniq_crazy_yiuf_cottage, uniq_joseph
D:8:      layout_layer_cave, minmay_misc_feat_rows,
          chequers_serial_rivers_room_a, st_stairs_4
D:9:      layout_loops_ring, minmay_orc_entry_temple_small
D:10:     layout_rooms, david_lair_generic, serial_shops, kennysheep_mini_moat,
          hangedman_decor_lopped, minmay_diced_spiral, uniq_maggie
D:11:     layout_layer_cave, gauntlet_entry_generic,
          hellmonk_guarded_unrand_frostbite, uniq_sonja
Gauntlet: gammafunk_gauntlet_branching [nicolae_gauntlet_arena_blocks,
          nicolae_gauntlet_swirl, gammafunk_gauntlet_arena_spirals,
          gammafunk_gauntlet_arena_split_x, gammafunk_gauntlet_arena_teeth,
          gammafunk_gauntlet_arena_corners, nicolae_gauntlet_arena_quarters,
          nicolae_gauntlet_arena_grate_2, gauntlet_exit_watery]

Skill      XL: |  1  2  3  4  5  6  7  8  9 10 11 |
---------------+----------------------------------+-----
Fighting       | 3 4 5 6 7 8 9 |  9.3
Dodging        | 2 3 4 5 6 |  6.5
Unarmed Combat | 3 4 5 7 8 9 10 | 10.7
Shields        | 1 2 3 4 5 |  5.7
Throwing       | 2 4 5 |  5.0
Stealth        | |  2.7

Action                   |  1- 3 |  4- 6 |  7- 9 | 10-12 || total
-------------------------+-------+-------+-------+-------++-------
Melee: Unarmed           |    85 |   167 |   327 |   397 ||   976
       Punch             |       |     2 |       |       ||     2
Throw: Boomerang         |       |       |       |    76 ||    76
       Large rock        |       |       |       |     5 ||     5
Invok: Potion Petition   |       |       |       |     1 ||     1
Evoke: Wand              |       |       |     1 |       ||     1
  Use: Scroll            |       |     2 |     7 |     6 ||    15
       Potion            |       |       |     2 |     2 ||     4
 Stab: Sleeping          |     2 |    11 |     9 |     2 ||    24
       Distracted        |       |     1 |       |     3 ||     4
Armor: Robe              |    30 |    47 |    74 |    74 ||   225
       Steam dragon scal |       |       |       |    28 ||    28
Dodge: Dodged            |    37 |    63 |   148 |   147 ||   395
Block: Kite shield       |       |    26 |   198 |   195 ||   419

Table legend: (Time is in decaauts)
 A = Elapsed time spent in this place.
 B = Non-inter-level travel time spent in this place.
 C = Inter-level travel time spent in this place.
 D = Time resting spent in this place.
 E = Time spent auto-exploring this place.
 F = Levels seen in this place.
 G = Mean time per level.
                   A        B        C        D        E       F      G
               +--------+--------+--------+--------+--------+-----+--------+
         Total |   9767 |   9408 |    359 |    454 |   5706 |  13 |  751.3 |
       Dungeon |   8835 |   8476 |    359 |    321 |   5675 |  11 |  803.2 |
        Bailey |    441 |    441 |      0 |    133 |     17 |   1 |  441.0 |
      Gauntlet |    490 |    490 |      0 |      0 |     14 |   1 |  490.0 |
               +--------+--------+--------+--------+--------+-----+--------+

Top non-repeatable levels by time:
     D:8: 1228 daAuts
     D:4: 1171 daAuts
     D:7: 1039 daAuts
     D:9: 1038 daAuts
    D:10: 941 daAuts
     D:3: 773 daAuts
     D:5: 663 daAuts
     D:6: 633 daAuts
     D:1: 570 daAuts
Gauntlet: 490 daAuts
     D:2: 452 daAuts
  Bailey: 441 daAuts
    D:11: 323 daAuts
